 Dungeon Crawl Stone Soup version 0.22-a0-307-g2b15929 (webtiles) character file.

1165 xccam the Cleaver (level 8, -2/58 HPs)
             Began as a Formicid Fighter on Apr 1, 2018.
             Slain by a wight
             ... wielding a cursed +1 antimagic battleaxe
              (16 damage)
             ... on level 6 of the Dungeon.
             The game lasted 00:09:49 (4210 turns).

xccam the Cleaver (Formicid Fighter)                Turns: 4210, Time: 00:09:50

Health: -2/58      AC:  6    Str: 27    XL:     8   Next: 67%
Magic:  0/8        EV:  7    Int:  9    God:
Gold:   231        SH:  8    Dex: 10    Spells: 7/7 levels left

rFire    . . .     SeeInvis +   a - +0 war axe
rCold    . . .     Gourm    .   c - +0 shield
rNeg     . . .     Faith    .   b - +0 scale mail
rPois    .         Spirit   +   (helmet unavailable)
rElec    .         Reflect  .   (no cloak)
rCorr    +         Harm     .   (no gloves)
MR       .....                  (no boots)
Stlth    ..........             g - amulet of guardian spirit
HPRegen  0.19/turn              l - ring of resist corrosion
MPRegen  0.11/turn              (no ring)

@: mighty, heavily drained
A: permanent stasis, dig shafts and tunnels, four strong arms, antennae 3
a: Dig, Shaft Self


You were on level 6 of the Dungeon.
You were not hungry.

You visited 1 branch of the dungeon, and saw 6 of its levels.
You also visited: Sewer.

You collected 231 gold pieces.

Inventory:

Hand Weapons
 a - a +0 war axe (weapon)
Armour
 b - a +0 scale mail (worn)
 c - a +0 shield (worn)
Jewellery
 g - an amulet of guardian spirit (around neck)
 l - a ring of resist corrosion (left hand)
Wands
 q - a wand of paralysis (8)
 x - a wand of flame (22)
Scrolls
 e - a scroll of fear {unknown}
 j - 4 scrolls of teleportation {unknown}
 k - a scroll of noise {unknown}
 m - a scroll of magic mapping {unknown}
 p - a scroll of identify
 r - 3 scrolls of immolation {unknown}
 s - 3 scrolls of fog {unknown}
 u - 2 scrolls of amnesia {unknown}
 v - a scroll of remove curse
Potions
 i - a potion of magic
 n - 2 potions of flight
 o - 3 potions of heal wounds
 t - a potion of resistance {unknown}
 w - a potion of degeneration {unknown}
Comestibles
 f - 5 rations
 z - 2 chunks of flesh


   Skills:
 - Level 3.2(1.0) Fighting
 + Level 9.9(7.2) Axes
 - Level 3.2(1.0) Armour
 - Level 3.6(1.3) Shields


You had 7 spell levels left.
You didn't know any spells.

Dungeon Overview and Level Annotations

Branches:
Dungeon (6/15)
 Temple: D:4-7

Altars:
Dithmenos
Qazlal
Zin


Innate Abilities, Weirdness & Mutations

You cannot be hasted, slowed, berserked, paralysed or teleported.
You can dig through walls and to a lower floor.
Your four strong arms can wield two-handed weapons with a shield.
You have a pair of large antennae on your head. (SInv)


Message History

You feel very mighty all of a sudden. You block the wight's attack.
You closely miss the wight.
The wight is severely damaged.
The wight hits you with an enchanted trident!
* * * LOW HITPOINT WARNING * * *
You feel drained.
You hit the wight.
The wight is almost destroyed.
The wight closely misses you.
You hit the wight.
You destroy the wight!
You slash the wight!
The wight is heavily damaged.
You block the wight's attack.
You slash the wight!
You destroy the wight!
You closely miss the wight.
The wight hits you with an antimagic battleaxe!
You die...

#..# #..#
#..#
#####..#
+......#
######.#
#.# #.#
#@# #z#
#.# #.#
...zz.'.#
......###
[...z.
.....
.....


You could see a wight.

Vanquished Creatures
  Grinder (D:4)
  A sky beast (D:5)
  A phantom (D:4)
  A centaur (D:5)
  A big kobold (Sewer)
  3 wights (D:6)
  2 crimson imps (D:5)
  An orc priest (D:6)
  4 hounds
  A bullfrog skeleton (D:4)
  An orc wizard (D:6)
  Terence (D:3)
  2 iguanas
  A worker ant (D:4)
  4 adders
  2 river rats
  An ooze (D:1)
  3 worms (D:3)
  5 dart slugs
  6 leopard geckos
  4 orcs
  4 bats
  3 giant cockroaches
  5 goblins
  5 hobgoblins
  6 jackals
  4 frilled lizards
  9 kobolds
  A quokka skeleton (D:5)
  8 rats
91 creatures vanquished.

Notes
Turn   | Place    | Note
-------+----------+-------------------------------------------
     0 | D:1      | xccam the Formicid Fighter began the quest for the Orb.
     0 | D:1      | Reached XP level 1. HP: 18/18 MP: 1/1
    93 | D:1      | Reached XP level 2. HP: 17/24 MP: 2/2
   184 | D:1      | Reached skill level 3 in Axes
   254 | D:1      | Reached XP level 3. HP: 29/29 MP: 3/3
   832 | D:2      | Reached skill level 4 in Axes
   832 | D:2      | Reached XP level 4. HP: 33/35 MP: 4/4
  1543 | D:3      | Reached XP level 5. HP: 28/41 MP: 5/5
  1560 | D:3      | Found a glowing drain.
  1679 | Sewer    | Entered a sewer
  1689 | Sewer    | Reached skill level 5 in Axes
  1751 | Sewer    | Noticed a big kobold
  1783 | Sewer    | Killed a big kobold
  1783 | Sewer    | Reached XP level 6. HP: 30/47 MP: 6/6
  1805 | Sewer    | Found a glowing silver altar of Zin.
  2084 | D:3      | Found a stormy altar of Qazlal.
  2257 | D:3      | Noticed Terence
  2279 | D:3      | Killed Terence
  2279 | D:3      | Reached skill level 6 in Axes
  2823 | D:4      | Found a shadowy altar of Dithmenos.
  3120 | D:4      | Noticed a phantom
  3148 | D:4      | Killed a phantom
  3148 | D:4      | Reached skill level 7 in Axes
  3148 | D:4      | Reached XP level 7. HP: 35/52 MP: 7/7
  3175 | D:4      | Noticed Grinder
  3188 | D:4      | Killed Grinder
  3188 | D:4      | Reached skill level 8 in Axes
  3418 | D:4      | Found a glowing silver altar of Zin.
  3500 | D:5      | Entered Level 5 of the Dungeon
  3571 | D:5      | Reached XP level 8. HP: 31/58 MP: 8/8
  3856 | D:5      | Reached skill level 9 in Axes
  4210 | D:6      | Slain by a wight

Vault maps used:
D:1:      minmay_arrival_glassed_features
D:3:      nicolae_overflow_crystal_walls, first_ration, gup_sewer_entry_spiral,
          uniq_terence
D:4:      lemuel_crystal_altar, zin_scriptorium, st_stairs_5, uniq_grinder
D:6:      gammafunk_temple_overflow_elements, minmay_temple_entry_nine_rooms,
          trog_book, uniq_pikel, uniq_prince_ribbit1, uniq_edmund
Sewer:    sewer_kobolds

Skill      XL: |  1  2  3  4  5  6  7  8 |
---------------+-------------------------+-----
Axes           | 3 4 5 7 8 9 |  9.9
Fighting       | |  3.2
Armour         | |  3.2
Shields        | |  3.6

Action                   |  1- 3 |  4- 6 |  7- 9 || total
-------------------------+-------+-------+-------++-------
Melee: War axe           |    89 |   213 |    97 ||   399
 Abil: Dig               |       |     1 |       ||     1
Evoke: Wand              |       |     3 |     1 ||     4
  Use: Scroll            |       |     1 |     3 ||     4
       Potion            |       |     1 |     3 ||     4
 Stab: Paralysed         |       |     8 |     5 ||    13
  Eat: Chunk             |       |     8 |     2 ||    10
       Ration            |       |       |     1 ||     1
Armor: Scale mail        |    40 |    73 |    27 ||   140
Dodge: Dodged            |    29 |    66 |    22 ||   117
Block: Shield            |    47 |   117 |    43 ||   207

Table legend:
 A = Spawn XP
 B = Non-spawn XP
 C = Spawn XP percentage of total XP
 D = Spawn monster count
 E = Non-spawn monster count
 F = Spawn count percentage of total count
 G = Total turns spent on level
                    A         B        C        D         E        F      G
               +---------+---------+-------+---------+---------+-------+---------
         Total |       0 |    1665 |   0.0 |       0 |      91 |   0.0 |  4210
               +---------+---------+-------+---------+---------+-------+---------
           D:1 |       0 |      59 |   0.0 |       0 |      25 |   0.0 |   823
           D:2 |       0 |      60 |   0.0 |       0 |      14 |   0.0 |   617
           D:3 |       0 |      83 |   0.0 |       0 |      15 |   0.0 |  1147
           D:4 |       0 |     564 |   0.0 |       0 |       8 |   0.0 |   678
           D:5 |       0 |     503 |   0.0 |       0 |      10 |   0.0 |   617
           D:6 |       0 |     270 |   0.0 |       0 |       8 |   0.0 |    93
         Sewer |       0 |     126 |   0.0 |       0 |      11 |   0.0 |   235
               +---------+---------+-------+---------+---------+-------+---------
